[Event "7. Arber-Senioren-Cup 2019"]
[Site "Bodenmais"]
[Date "2019.08.02"]
[Round "7.10"]
[White "Glaessl, Matthias"]
[Black "Peglau, Markus"]
[Result "1/2-1/2"]
[ECO "B12"]
[WhiteElo "2148"]
[BlackElo "1849"]
[Annotator "ChessBase"]
[PlyCount "172"]
[EventDate "2019.07.27"]
[EventType "swiss"]
[EventCountry "GER"]
[SourceTitle "playchess.com"]
[Source "ChessBase"]
[SourceQuality "1"]
[TimeControl "60/7800+30:0"]

1. e4 c6 2. d4 d5 3. e5 Bf5 4. Nd2 e6 5. Nb3 Nd7 6. Nf3 a6 7. c3 c5 8. dxc5 Ne7 9. Be3 Nc6 10. Nfd4 Be4 11. f3 Bg6 12. Nxc6 bxc6 13. Bd4 a5 14. h4 h6 15. Bd3 Bxd3 16. Qxd3 a4 17. Nc1 Bxc5 18. Qe3 Be7 19. Qf2 Qa5 20. f4 c5 21. Be3 a3 22. Nb3 axb2 23. Qxb2 Qa4 24. O-O O-O 25. Qf2 Rfc8 26. g3 Qe4 27. Rfd1 Ra3 28. Rac1 Rca8 29. Rc2 c4 30. Nc1 Rb8 31. Re1 Qg6 32. Kh2 Rb5 33. Rb2 Raa5 34. a4 Rxb2 35. Qxb2 Bc5 36. Bxc5 Nxc5 37. Qb4 Qc2+ 38. Re2 Qxa4 39. Qb8+ Kh7 40. Qc7 Nd3 41. Ra2 Qd1 42. Qxa5 Qxc1 43. Qa7 Qxc3 44. Qxf7 Qe1 45. h5 Qe4 46. Qxe6 Ne1 47. Qg6+ Qxg6 48. hxg6+ Kxg6 49. Re2 Nf3+ 50. Kg2 Nd4 51. Rd2 c3 52. Rd1 Nf5 53. Kf3 d4 54. g4 Nh4+ 55. Ke4 c2 56. Rc1 h5 57. Rxc2 hxg4 58. f5+ Nxf5 59. Rg2 Kg5 60. e6 Kf6 61. Rxg4 g6 62. Rg1 d3 63. Kxd3 Kxe6 64. Rxg6+ Ke5 65. Ra6 Kd5 66. Ra5+ Ke6 67. Ke4 Nd6+ 68. Kf4 Nc4 69. Rh5 Kd6 70. Ke4 Nb6 71. Kd4 Kc6 72. Rg5 Nd7 73. Rg6+ Kb5 74. Rh6 Nb6 75. Rd6 Nc8 76. Rd5+ Kc6 77. Rc5+ Kd7 78. Ke5 Ne7 79. Rc1 Nc6+ 80. Kf6 Kd6 81. Rd1+ Kc5 82. Kf5 Nd4+ 83. Ke4 Nc6 84. Rd5+ Kc4 85. Rh5 Nb4 86. Rh8 Kc5 1/2-1/2

[Event "7. Arber-Senioren-Cup 2019"]
[Site "Bodenmais"]
[Date "2019.08.02"]
[Round "7.11"]
[White "Kuempers, Ulrich"]
[Black "Halli, Gerhard"]
[Result "1-0"]
[ECO "D55"]
[WhiteElo "2030"]
[BlackElo "1955"]
[Annotator "NA"]
[PlyCount "52"]
[EventDate "2019.07.27"]
[EventType "swiss"]
[EventCountry "GER"]
[SourceTitle "playchess.com"]
[Source "ChessBase"]
[SourceQuality "1"]
[TimeControl "60/7800+30:0"]

1. d4 d5 2. c4 e6 3. Nc3 Nf6 4. Bg5 Be7 5. e3 O-O 6. Nf3 b6 7. cxd5 exd5 8. Bd3 Bb7 9. Qc2 Nbd7 10. O-O-O c5 11. Kb1 c4 12. Bf5 g6 13. Bh3 a6 14. Ne5 b5 15. f4 Nb6 16. f5 Ne4 17. Bh6 Re8 18. fxg6 hxg6 19. Rhf1 Bf6 20. Nxe4 dxe4 21. Qf2 Nd5 22. Nd7 Kh7 23. Nxf6+ Nxf6 24. Bg5 Nd5 25. Bh6 Qf6 26. Qxf6 Nxf6 1-0

[Event "7. Arber-Senioren-Cup 2019"]
[Site "Bodenmais"]
[Date "2019.08.02"]
[Round "7.12"]
[White "Bock, Ortwin"]
[Black "Benischek, Wolfgang"]
[Result "1/2-1/2"]
[ECO "B08"]
[WhiteElo "1938"]
[BlackElo "2022"]
[Annotator "NA"]
[PlyCount "38"]
[EventDate "2019.07.27"]
[EventType "swiss"]
[EventCountry "GER"]
[SourceTitle "playchess.com"]
[Source "ChessBase"]
[SourceQuality "1"]
[TimeControl "60/7800+30:0"]

1. d4 Nf6 2. Nc3 d6 3. e4 g6 4. Nf3 Bg7 5. Be2 O-O 6. O-O b6 7. Re1 c5 8. dxc5 bxc5 9. e5 Ne8 10. Bf4 Bb7 11. exd6 exd6 12. Bc4 Bxc3 13. bxc3 Nc6 14. Rb1 Qd7 15. Bh6 Ng7 16. Bf4 Rad8 17. Bg5 Rc8 18. Bf4 Rcd8 19. Bg5 Rc8 1/2-1/2

[Event "7. Arber-Senioren-Cup 2019"]
[Site "Bodenmais"]
[Date "2019.08.02"]
[Round "7.13"]
[White "Mahnke, Ralf"]
[Black "Nickl, Klaus"]
[Result "0-1"]
[ECO "E21"]
[WhiteElo "1925"]
[BlackElo "1988"]
[Annotator "NA"]
[PlyCount "105"]
[EventDate "2019.07.27"]
[EventType "swiss"]
[EventCountry "GER"]
[SourceTitle "playchess.com"]
[Source "ChessBase"]
[SourceQuality "1"]
[TimeControl "60/7800+30:0"]

1. d4 Nf6 2. c4 e6 3. Nc3 Bb4 4. Nf3 c5 5. e3 O-O 6. Be2 d6 7. O-O Nc6 8. Qc2 Qe7 9. a3 Bxc3 10. Qxc3 e5 11. dxc5 dxc5 12. b3 Bg4 13. Re1 Rad8 14. Bb2 e4 15. Nd2 Bxe2 16. Rxe2 Rd3 17. Qc2 Rfd8 18. Nf1 Ng4 19. Rd2 f5 20. Rad1 Nge5 21. Rxd3 Nxd3 22. Bc3 Rd6 23. f4 Rh6 24. g3 Rd6 25. Nd2 g5 26. Nf1 h5 27. Qe2 Rh6 28. Be1 h4 29. gxh4 gxf4 30. exf4 Nd4 31. Qg2+ Kh7 32. Bg3 Nf3+ 33. Kh1 Nxh4 34. Qe2 Qf6 35. Ne3 Ng6 36. Nd5 Qd6 37. Rf1 Ne7 38. Nxe7 Qxe7 39. Rg1 Qf6 40. Qg2 Qg6 41. Qd2 Qh5 42. Qe3 Rg6 43. Rf1 Qh3 44. Rg1 Rg4 45. Bf2 Rxg1+ 46. Bxg1 Qf1 47. Qg3 Qxf4 48. Qh3+ Kg7 49. Be3 Nf2+ 50. Bxf2 Qxf2 51. Qg3+ Qxg3 52. hxg3 b6 53. Kg2 0-1

[Event "7. Arber-Senioren-Cup 2019"]
[Site "Bodenmais"]
[Date "2019.08.02"]
[Round "7.14"]
[White "Steiger, Michael"]
[Black "Latzel, Wolfgang"]
[Result "1/2-1/2"]
[ECO "A26"]
[WhiteElo "2016"]
[BlackElo "1881"]
[Annotator "NA"]
[PlyCount "55"]
[EventDate "2019.07.27"]
[EventType "swiss"]
[EventCountry "GER"]
[SourceTitle "playchess.com"]
[Source "ChessBase"]
[SourceQuality "1"]
[TimeControl "60/7800+30:0"]

1. c4 d6 2. g3 g6 3. Bg2 Bg7 4. Nc3 Nc6 5. d3 e5 6. e4 Be6 7. Nge2 Qd7 8. Nd5 Nce7 9. O-O c6 10. Ne3 Bh3 11. d4 Bxg2 12. Kxg2 Nf6 13. f3 Rd8 14. d5 O-O 15. Qa4 cxd5 16. Qxd7 Rxd7 17. cxd5 Rc8 18. Bd2 Ne8 19. Rac1 Rdc7 20. Ba5 Rxc1 21. Rxc1 Rxc1 22. Nxc1 Bh6 23. Kf2 f5 24. Ne2 Bxe3+ 25. Kxe3 Kf7 26. Bd8 Nf6 27. h3 Ke8 28. Bc7 1/2-1/2

[Event "7. Arber-Senioren-Cup 2019"]
[Site "Bodenmais"]
[Date "2019.08.02"]
[Round "7.15"]
[White "Braeu, Ludwig"]
[Black "Schwalb, Manfred"]
[Result "0-1"]
[ECO "A36"]
[WhiteElo "1818"]
[BlackElo "1965"]
[Annotator "NA"]
[PlyCount "68"]
[EventDate "2019.07.27"]
[EventType "swiss"]
[EventCountry "GER"]
[SourceTitle "playchess.com"]
[Source "ChessBase"]
[SourceQuality "1"]
[TimeControl "60/7800+30:0"]

1. c4 g6 2. g3 Bg7 3. Bg2 c5 4. Nc3 Nc6 5. e3 e6 6. Nge2 Nge7 7. d4 cxd4 8. exd4 d5 9. cxd5 exd5 10. O-O Be6 11. Be3 Qd7 12. Re1 O-O 13. Qd2 Nf5 14. Nf4 Nfxd4 15. Nfxd5 Rad8 16. Rad1 Bg4 17. Bxd4 Nxd4 18. Re7 Qd6 19. Rxb7 Rfe8 20. f3 Bxf3 21. Qf2 Qc5 22. Bxf3 Nxf3+ 23. Kg2 Qxf2+ 24. Kxf2 Nxh2 25. Kg2 Ng4 26. Rxa7 Bxc3 27. bxc3 Rxd5 28. Rxd5 Ne3+ 29. Kf3 Nxd5 30. c4 Ne7 31. Rc7 Kf8 32. c5 Ra8 33. c6 Rxa2 34. Ke4 Rc2 0-1

[Event "7. Arber-Senioren-Cup 2019"]
[Site "Bodenmais"]
[Date "2019.08.02"]
[Round "7.16"]
[White "Ketzscher, Roland"]
[Black "Meckel, Helmut"]
[Result "1/2-1/2"]
[ECO "A97"]
[WhiteElo "1917"]
[BlackElo "1804"]
[Annotator "NA"]
[PlyCount "38"]
[EventDate "2019.07.27"]
[EventType "swiss"]
[EventCountry "GER"]
[SourceTitle "playchess.com"]
[Source "ChessBase"]
[SourceQuality "1"]
[TimeControl "60/7800+30:0"]

1. d4 e6 2. Nf3 f5 3. g3 Nf6 4. Bg2 Be7 5. O-O O-O 6. c4 d6 7. Nc3 Qe8 8. Re1 Qh5 9. e4 fxe4 10. Nxe4 Nc6 11. Qb3 Nxe4 12. Rxe4 d5 13. cxd5 exd5 14. Re1 Kh8 15. Qc3 Bb4 16. Qe3 Bxe1 17. Qxe1 Bg4 18. Ne5 Nxd4 19. Nxg4 Qxg4 1/2-1/2

[Event "7. Arber-Senioren-Cup 2019"]
[Site "Bodenmais"]
[Date "2019.08.02"]
[Round "7.17"]
[White "Augustin, Christian"]
[Black "Otto, Klaus"]
[Result "1-0"]
[ECO "D05"]
[WhiteElo "1971"]
[BlackElo "1725"]
[Annotator "NA"]
[PlyCount "62"]
[EventDate "2019.07.27"]
[EventType "swiss"]
[EventCountry "GER"]
[SourceTitle "playchess.com"]
[Source "ChessBase"]
[SourceQuality "1"]
[TimeControl "60/7800+30:0"]

1. d4 Nf6 2. e3 d5 3. Nf3 e6 4. Bd3 Bd7 5. Ne5 Be7 6. Nd2 a6 7. a4 c5 8. c3 c4 9. Bc2 O-O 10. O-O Nc6 11. f4 Ne8 12. Rf3 f5 13. Rh3 Nf6 14. Ndf3 h6 15. Ng6 Rf7 16. Bd2 Nh7 17. Nfe5 Nxe5 18. Nxe5 Rf8 19. Be1 Be8 20. Qf3 Bf7 21. g4 fxg4 22. Qxg4 Kh8 23. Nxf7+ Rxf7 24. Qg6 Qg8 25. Qxe6 Nf6 26. Bg6 Raf8 27. Bh4 Bd8 28. Bxf7 Rxf7 29. Bxf6 Bxf6 30. Qxd5 Rc7 31. Qxg8+ Kxg8 1-0

[Event "7. Arber-Senioren-Cup 2019"]
[Site "Bodenmais"]
[Date "2019.08.02"]
[Round "7.18"]
[White "Limberg, Siegfried"]
[Black "Boldt, Heinrich"]
[Result "1-0"]
[ECO "D02"]
[WhiteElo "1983"]
[BlackElo "1803"]
[Annotator "NA"]
[PlyCount "75"]
[EventDate "2019.07.27"]
[EventType "swiss"]
[EventCountry "GER"]
[SourceTitle "playchess.com"]
[Source "ChessBase"]
[SourceQuality "1"]
[TimeControl "60/7800+30:0"]

1. d4 d5 2. Nf3 Bf5 3. c4 e6 4. Nc3 c6 5. e3 Nf6 6. Be2 Be7 7. Ne5 h6 8. O-O Nbd7 9. f4 Ne4 10. cxd5 exd5 11. Nd3 Ndf6 12. a3 a6 13. Bf3 Bd6 14. Ne5 Qe7 15. Bd2 Nxd2 16. Qxd2 O-O 17. Kh1 Rad8 18. Qe1 Nh7 19. Qf2 f6 20. g4 fxe5 21. gxf5 exd4 22. exd4 Rxf5 23. Rae1 Qf6 24. Ne2 Rf8 25. Bg4 Rg5 26. Qg2 Rg6 27. f5 Rg5 28. h4 Rh5 29. Bxh5 Qxh4+ 30. Kg1 Qxh5 31. Nf4 Qh4 32. Ne6 Ng5 33. Nxg5 Qxd4+ 34. Kh1 hxg5 35. Qxg5 Rf6 36. Rg1 Rxf5 37. Qxf5 Qh4+ 38. Kg2 1-0

[Event "7. Arber-Senioren-Cup 2019"]
[Site "Bodenmais"]
[Date "2019.08.02"]
[Round "7.19"]
[White "Kirschner, Torsten"]
[Black "Gerl, Hans"]
[Result "1-0"]
[ECO "E17"]
[WhiteElo "1767"]
[BlackElo "1955"]
[Annotator "NA"]
[PlyCount "181"]
[EventDate "2019.07.27"]
[EventType "swiss"]
[EventCountry "GER"]
[SourceTitle "playchess.com"]
[Source "ChessBase"]
[SourceQuality "1"]
[TimeControl "60/7800+30:0"]

1. d4 Nf6 2. c4 e6 3. Nf3 b6 4. g3 Bb7 5. Bg2 Be7 6. O-O O-O 7. d5 exd5 8. Nh4 c6 9. cxd5 Nxd5 10. Nf5 Na6 11. e4 Nf6 12. Nc3 d6 13. Bf4 Ne8 14. Qg4 Bc8 15. Rad1 Bxf5 16. Qxf5 Qc8 17. Qh5 Nf6 18. Qe2 Rd8 19. e5 dxe5 20. Bxe5 Rxd1 21. Rxd1 Nc5 22. Bd6 Bf8 23. Qf3 Bxd6 24. Rxd6 Qe8 25. Qxc6 Qe1+ 26. Bf1 Re8 27. Rd1 Qe5 28. Bg2 h5 29. Qd6 Qf5 30. Nd5 Nxd5 31. Qxd5 Qxd5 32. Rxd5 g6 33. Kf1 Re7 34. b4 Ne6 35. Rd6 Rc7 36. Rc6 Rd7 37. Bh3 Rd1+ 38. Ke2 Rb1 39. Bxe6 fxe6 40. a3 Rb2+ 41. Kf1 Kf7 42. Rc7+ Kf6 43. Rxa7 Rb3 44. Ra6 Ke5 45. Kg2 Kd5 46. Rxb6 Rxa3 47. h4 Ke5 48. Rb8 Rb3 49. b5 Kd6 50. b6 Kc6 51. Rg8 Rxb6 52. Rxg6 Kd5 53. Rg5+ Ke4 54. Rxh5 e5 55. Rh8 Kf5 56. Rh5+ Ke4 57. f3+ Kd4 58. g4 Rb2+ 59. Kg3 Rb3 60. Rh8 e4 61. Rd8+ Kc4 62. Rf8 e3 63. Re8 Kd3 64. h5 Rb1 65. h6 Rh1 66. g5 e2 67. Kg4 Kd2 68. Kf5 e1=Q 69. Rxe1 Kxe1 70. Kg6 Kf2 71. f4 Kf3 72. f5 Kf4 73. f6 Rg1 74. f7 Rxg5+ 75. Kf6 Rf5+ 76. Ke6 Re5+ 77. Kd6 Rf5 78. h7 Rxf7 79. h8=Q Rf5 80. Qd4+ Kg5 81. Qe4 Rf6+ 82. Ke5 Rf7 83. Qg2+ Kh6 84. Qg8 Rg7 85. Qh8+ Kg6 86. Qh4 Rf7 87. Ke6 Rf8 88. Qg4+ Kh6 89. Ke7 Rh8 90. Kf7 Rh7+ 91. Kf6 1-0

[Event "7. Arber-Senioren-Cup 2019"]
[Site "Bodenmais"]
[Date "2019.08.02"]
[Round "7.20"]
[White "Schmidt, Matthias"]
[Black "Sagner, Guenter"]
[Result "1-0"]
[ECO "A46"]
[WhiteElo "2020"]
[BlackElo "1696"]
[Annotator "NA"]
[PlyCount "31"]
[EventDate "2019.07.27"]
[EventType "swiss"]
[EventCountry "GER"]
[SourceTitle "playchess.com"]
[Source "ChessBase"]
[SourceQuality "1"]
[TimeControl "60/7800+30:0"]

1. d4 Nf6 2. Nf3 e6 3. g3 c5 4. Bg2 d5 5. O-O Nc6 6. c3 b6 7. Re1 Bd6 8. Bg5 h6 9. Bxf6 Qxf6 10. dxc5 bxc5 11. e4 e5 12. exd5 Ne7 13. Nbd2 Nf5 14. Ne4 Qd8 15. Nxd6+ Nxd6 16. Rxe5+ 1-0

[Event "7. Arber-Senioren-Cup 2019"]
[Site "Bodenmais"]
[Date "2019.08.02"]
[Round "7.21"]
[White "Klimpel, Siegfried"]
[Black "Hilbig, Dieter"]
[Result "0-1"]
[ECO "B21"]
[WhiteElo "1843"]
[BlackElo "1943"]
[Annotator "NA"]
[PlyCount "74"]
[EventDate "2019.07.27"]
[EventType "swiss"]
[EventCountry "GER"]
[SourceTitle "playchess.com"]
[Source "ChessBase"]
[SourceQuality "1"]
[TimeControl "60/7800+30:0"]

1. e4 c5 2. d4 cxd4 3. c3 dxc3 4. Nxc3 Nc6 5. Nf3 d6 6. Bc4 a6 7. O-O Nf6 8. Bf4 Bg4 9. Rc1 e6 10. h3 Bh5 11. g4 Bg6 12. Qe2 Be7 13. Rfd1 Qb8 14. e5 dxe5 15. Nxe5 Nxe5 16. Bxe5 Qa7 17. Bb5+ axb5 18. Nxb5 Qxa2 19. Nc7+ Kf8 20. Nxa8 Qxa8 21. Ra1 Qc8 22. Rdc1 Qd8 23. Ra4 h5 24. Rc7 Bd6 25. Bxd6+ Qxd6 26. Rxb7 Kg8 27. Ra8+ Kh7 28. Rxh8+ Kxh8 29. Rb3 Qf4 30. Rf3 Qc1+ 31. Kh2 Be4 32. Rc3 Qh1+ 33. Kg3 Qg2+ 34. Kh4 Bg6 35. Rg3 Qd5 36. Rg1 Be4 37. Qd1 g5+ {[%emt 0:00:23] Qe2} 0-1

[Event "7. Arber-Senioren-Cup 2019"]
[Site "Bodenmais"]
[Date "2019.08.02"]
[Round "7.22"]
[White "Zwetz, Anita"]
[Black "Supplieth, Peter"]
[Result "1-0"]
[ECO "D02"]
[WhiteElo "1828"]
[BlackElo "1880"]
[Annotator "NA"]
[PlyCount "61"]
[EventDate "2019.07.27"]
[EventType "swiss"]
[EventCountry "GER"]
[SourceTitle "playchess.com"]
[Source "ChessBase"]
[SourceQuality "1"]
[TimeControl "60/7800+30:0"]

1. d4 d5 2. Nf3 c6 3. c3 Bf5 4. Nbd2 Nf6 5. e3 Nbd7 6. Be2 h6 7. O-O e6 8. c4 Bd6 9. c5 Bc7 10. b4 e5 11. dxe5 Nxe5 12. Bb2 Qe7 13. Nd4 Bd3 14. Qb3 Ne4 15. Nxe4 Bxe4 16. f4 Nd7 17. Nf3 Rg8 18. Nd2 f5 19. Nxe4 Qxe4 20. Bh5+ g6 21. Bf3 Qe7 22. e4 Bxf4 23. Rfe1 O-O-O 24. exd5 Qh4 25. g3 Bxg3 26. hxg3 Qxg3+ 27. Bg2 Qh4 28. dxc6 bxc6 29. Qe6 Qxb4 30. Qxc6+ Kb8 31. Rab1 1-0

[Event "7. Arber-Senioren-Cup 2019"]
[Site "Bodenmais"]
[Date "2019.08.02"]
[Round "7.23"]
[White "Loibl, Johann"]
[Black "Bauer, Werner"]
[Result "1-0"]
[ECO "B07"]
[WhiteElo "1760"]
[BlackElo "1881"]
[Annotator "NA"]
[PlyCount "81"]
[EventDate "2019.07.27"]
[EventType "swiss"]
[EventCountry "GER"]
[SourceTitle "playchess.com"]
[Source "ChessBase"]
[SourceQuality "1"]
[TimeControl "60/7800+30:0"]

1. e4 d6 2. d4 Nf6 3. Nc3 e5 4. dxe5 dxe5 5. Qxd8+ Kxd8 6. Nf3 Bd6 7. Bc4 Ke7 8. Bg5 c6 9. O-O-O b5 10. Nxb5 cxb5 11. Bd5 Be6 12. Bxa8 h6 13. Bxf6+ gxf6 14. Bd5 Bc5 15. Rd2 Rg8 16. g3 Bxd5 17. exd5 Nd7 18. Nh4 Rg5 19. Re1 Kd6 20. Ng2 Nb6 21. Ne3 f5 22. h4 Rh5 23. Ng2 f6 24. c3 Nc4 25. Rde2 Kxd5 26. Rd1+ Kc6 27. Ne3 Nxe3 28. fxe3 f4 29. exf4 exf4 30. Re6+ Kc7 31. gxf4 Rxh4 32. f5 Rh3 33. Rxf6 Be3+ 34. Kc2 Rh2+ 35. Kb3 a5 36. a3 a4+ 37. Ka2 Bg5 38. Rf7+ Kc6 39. Rf1 Kd6 40. Rb7 Kc6 41. Rg7 1-0

[Event "7. Arber-Senioren-Cup 2019"]
[Site "Bodenmais"]
[Date "2019.08.02"]
[Round "7.24"]
[White "Meul, Willi"]
[Black "Riess, Michael"]
[Result "1-0"]
[ECO "D00"]
[WhiteElo "1904"]
[BlackElo "1686"]
[Annotator "NA"]
[PlyCount "45"]
[EventDate "2019.07.27"]
[EventType "swiss"]
[EventCountry "GER"]
[SourceTitle "playchess.com"]
[Source "ChessBase"]
[SourceQuality "1"]
[TimeControl "60/7800+30:0"]

1. d4 d5 2. Bf4 Nf6 3. e3 Nc6 4. Nd2 e6 5. Ngf3 Bd6 6. Bg3 O-O 7. c3 Re8 8. Ne5 Bxe5 9. dxe5 Nd7 10. f4 Nf8 11. Bd3 Ng6 12. Qg4 Nce7 13. h4 Nf5 14. Bf2 h6 15. h5 Nge7 16. Qh3 Nc6 17. g4 Nfe7 18. Bh4 Qd7 19. g5 Nf5 20. Bxf5 exf5 21. gxh6 gxh6 22. Qg3+ Kf8 23. Bf6 1-0

[Event "7. Arber-Senioren-Cup 2019"]
[Site "Bodenmais"]
[Date "2019.08.02"]
[Round "7.25"]
[White "Wittkugel, Friedhelm"]
[Black "Pisz, Bretislav"]
[Result "1-0"]
[ECO "A83"]
[WhiteElo "1920"]
[BlackElo "1599"]
[Annotator "NA"]
[PlyCount "92"]
[EventDate "2019.07.27"]
[EventType "swiss"]
[EventCountry "GER"]
[SourceTitle "playchess.com"]
[Source "ChessBase"]
[SourceQuality "1"]
[TimeControl "60/7800+30:0"]

1. d4 f5 2. e4 fxe4 3. Nc3 Nf6 4. Bg5 e6 5. Nxe4 Be7 6. Nxf6+ Bxf6 7. Be3 Qe7 8. c3 b6 9. Qf3 Nc6 10. Bd3 Bb7 11. Be4 O-O-O 12. Ne2 Rdf8 13. Qh5 g6 14. Qb5 d5 15. Bf3 a6 16. Qd3 Bg5 17. O-O-O Bxe3+ 18. Qxe3 Na5 19. Kb1 g5 20. Nc1 Rf4 21. Nd3 Nc4 22. Qe2 Rf6 23. Rhe1 h5 24. h3 Rhh6 25. Bxh5 a5 26. Bf3 Qh7 27. Ka1 Ba6 28. Ne5 Kb7 29. Rc1 a4 30. Ng4 a3 31. b3 Nb2 32. Nxf6 Bxe2 33. Nxh7 Bxf3 34. Nxg5 Bxg2 35. Rxe6 Rxe6 36. Nxe6 Bxh3 37. Nf4 Bf5 38. Nxd5 Nd3 39. Rg1 Be4 40. Nf6 Bf3 41. Kb1 Be2 42. Kc2 Nb2 43. Kd2 Bf3 44. Rg3 Bd1 45. f4 Bxb3 46. axb3 a2 1-0

[Event "7. Arber-Senioren-Cup 2019"]
[Site "Bodenmais"]
[Date "2019.08.02"]
[Round "7.26"]
[White "Riedl, Maximilian"]
[Black "Berger, Siegfried"]
[Result "1-0"]
[ECO "C30"]
[WhiteElo "1905"]
[BlackElo "1548"]
[Annotator "NA"]
[PlyCount "45"]
[EventDate "2019.07.27"]
[EventType "swiss"]
[EventCountry "GER"]
[SourceTitle "playchess.com"]
[Source "ChessBase"]
[SourceQuality "1"]
[TimeControl "60/7800+30:0"]

1. e4 e5 2. f4 Nc6 3. Nf3 d6 4. Bc4 h6 5. fxe5 dxe5 6. O-O Bc5+ 7. d4 exd4 8. Bxf7+ Ke7 9. Bxg8 Rxg8 10. b4 Bb6 11. b5 d3+ 12. Kh1 Nd4 13. Ba3+ Ke8 14. Nxd4 Qxd4 15. c3 Qe5 16. Nd2 Qxc3 17. Qh5+ g6 18. Qd5 Qg7 19. Bb2 Qxb2 20. Qxg8+ Ke7 21. Qf7+ Kd8 22. Qf8+ Kd7 23. Rf7+ {[%emt 0:00:23] Ke8 Nb1#} 1-0

[Event "7. Arber-Senioren-Cup 2019"]
[Site "Bodenmais"]
[Date "2019.08.02"]
[Round "7.27"]
[White "Wolff, Peter"]
[Black "Glatz, Volker"]
[Result "1-0"]
[ECO "A20"]
[WhiteElo "1915"]
[BlackElo "1515"]
[Annotator "NA"]
[PlyCount "57"]
[EventDate "2019.07.27"]
[EventType "swiss"]
[EventCountry "GER"]
[SourceTitle "playchess.com"]
[Source "ChessBase"]
[SourceQuality "1"]
[TimeControl "60/7800+30:0"]

1. c4 e5 2. g3 Bc5 3. Bg2 c6 4. Nc3 Nf6 5. e3 O-O 6. Nge2 d5 7. cxd5 cxd5 8. d4 exd4 9. Nxd4 Bxd4 10. Qxd4 Nc6 11. Qa4 a6 12. O-O Bd7 13. Nxd5 Nxd5 14. Bxd5 Ne7 15. Qb3 Nxd5 16. Qxd5 Qc7 17. Bd2 Bc6 18. Qf5 Rad8 19. Bc3 Rd5 20. Qg4 f6 21. Rad1 Qe7 22. Bb4 Qd8 23. Bxf8 Kxf8 24. Qb4+ Kf7 25. Qb3 Kf8 26. Rxd5 Bxd5 27. Qd3 Ke7 28. Rd1 Ke6 29. e4 1-0

[Event "7. Arber-Senioren-Cup 2019"]
[Site "Bodenmais"]
[Date "2019.08.03"]
[Round "8.3"]
[White "Kurka, Dieter"]
[Black "Koehler, Gerhard, Dr."]
[Result "0-1"]
[ECO "A45"]
[WhiteElo "2006"]
[BlackElo "2197"]
[Annotator "NA"]
[PlyCount "52"]
[EventDate "2019.07.27"]
[EventType "swiss"]
[EventCountry "GER"]
[SourceTitle "playchess.com"]
[Source "ChessBase"]
[SourceQuality "1"]
[TimeControl "5400+30"]

1. d4 Nf6 2. Bf4 Nh5 3. Bd2 g6 4. e4 d6 5. Be2 Nf6 6. Nc3 Bg7 7. h4 h5 8. Nf3 Bg4 9. Ng5 Nc6 10. f3 Bd7 11. Be3 e5 12. Bc4 O-O 13. dxe5 Nxe5 14. Bb3 Qe7 15. Qd2 b5 16. Qe2 c6 17. a3 a6 18. Rd1 Bc8 19. O-O Bb7 20. Rfe1 Rad8 21. f4 Neg4 22. Bb6 Rd7 23. e5 dxe5 24. fxe5 Rxd1 25. Nxd1 Nd5 26. c4 Nxb6 0-1

[Event "7. Arber-Senioren-Cup 2019"]
[Site "Bodenmais"]
[Date "2019.08.03"]
[Round "8.4"]
[White "Herbold, Manfred"]
[Black "Greul, Hans"]
[Result "0-1"]
[ECO "A00"]
[WhiteElo "2081"]
[BlackElo "2009"]
[Annotator "NA"]
[PlyCount "90"]
[EventDate "2019.07.27"]
[EventType "swiss"]
[EventCountry "GER"]
[SourceTitle "playchess.com"]
[Source "ChessBase"]
[SourceQuality "1"]
[TimeControl "5400+30"]

1. g3 d5 2. Bg2 Nf6 3. c4 e6 4. b3 Be7 5. Bb2 O-O 6. Nf3 c5 7. Qc2 Nc6 8. a3 b6 9. e3 Bb7 10. O-O Rc8 11. d3 Qd6 12. e4 dxe4 13. dxe4 e5 14. Nc3 Nd4 15. Nxd4 cxd4 16. Nb5 Qb8 17. a4 a6 18. Ba3 Bxa3 19. Nxa3 Rfd8 20. Rfd1 Qd6 21. f3 Rc7 22. Bh3 Bc8 23. Bf1 Qb4 24. Qd3 Nd7 25. Nc2 Qd6 26. Ne1 Nc5 27. Qb1 a5 28. Ra2 Qh6 29. Nd3 Qe3+ 30. Rf2 f6 31. f4 Nxe4 32. Re1 Nxf2 33. Rxe3 dxe3 34. Nxf2 exf2+ 35. Kxf2 exf4 36. gxf4 Rd2+ 37. Kg3 Re7 38. f5 Re3+ 39. Kf4 Re5 40. c5 Rd4+ 41. Kg3 Bxf5 42. Qc1 Rxc5 43. Bc4+ Kf8 44. h3 Rd3+ 45. Kf4 g5# 0-1

[Event "7. Arber-Senioren-Cup 2019"]
[Site "Bodenmais"]
[Date "2019.08.03"]
[Round "8.5"]
[White "Godoj, Veit"]
[Black "Steinbach, Peter"]
[Result "1-0"]
[ECO "A45"]
[WhiteElo "1995"]
[BlackElo "1958"]
[Annotator "NA"]
[PlyCount "69"]
[EventDate "2019.07.27"]
[EventType "swiss"]
[EventCountry "GER"]
[SourceTitle "playchess.com"]
[Source "ChessBase"]
[SourceQuality "1"]
[TimeControl "5400+30"]

1. d4 Nf6 2. Nc3 d5 3. Nf3 Nbd7 4. Bf4 e6 5. a3 a6 6. e3 c5 7. Be2 Be7 8. h3 b5 9. O-O Bb7 10. Ne5 Nxe5 11. Bxe5 Nd7 12. Bxg7 Rg8 13. Bh6 Bg5 14. Bxg5 Qxg5 15. Bf3 Rd8 16. Ne2 e5 17. dxe5 Nxe5 18. Nf4 Rd7 19. Re1 Kd8 20. Kh2 Kc7 21. b4 c4 22. Qd4 Kb8 23. a4 Nxf3+ 24. gxf3 Qh4 25. Re2 f6 26. axb5 axb5 27. c3 Rdg7 28. Rea2 Rg3 29. Qa7+ Kc8 30. Qc5+ Kb8 31. Qd6+ Kc8 32. Ra8+ Bxa8 33. Rxa8+ Kb7 34. Qa6+ Kc7 35. Ra7+ 1-0

[Event "7. Arber-Senioren-Cup 2019"]
[Site "Bodenmais"]
[Date "2019.08.03"]
[Round "8.6"]
[White "Meckel, Helmut"]
[Black "Oberhofer, Max"]
[Result "1-0"]
[ECO "A00"]
[WhiteElo "1804"]
[BlackElo "2187"]
[Annotator "NA"]
[PlyCount "79"]
[EventDate "2019.07.27"]
[EventType "swiss"]
[EventCountry "GER"]
[SourceTitle "playchess.com"]
[Source "ChessBase"]
[SourceQuality "1"]
[TimeControl "5400+30"]

1. b4 d5 2. Nf3 Nf6 3. Bb2 e6 4. b5 c5 5. e3 Be7 6. c4 b6 7. Be2 Bb7 8. a4 a5 9. Ne5 Qc7 10. f4 Nbd7 11. O-O Bd6 12. d4 cxd4 13. exd4 dxc4 14. Qc1 Rc8 15. Nxc4 O-O 16. Qe3 Nd5 17. Qf2 Bxf4 18. Ba3 Bxh2+ 19. Kh1 Bg3 20. Qf3 N5f6 21. Qe3 Rfe8 22. Nbd2 Nd5 23. Qb3 Bf4 24. Ne4 Ba8 25. Bd6 Bxd6 26. Nexd6 Rf8 27. Nxc8 Rxc8 28. Rac1 Qd8 29. Qh3 Qg5 30. Qh5 Qxh5+ 31. Bxh5 g6 32. Ne5 Rxc1 33. Rxc1 Nf8 34. Rc8 Bb7 35. Rb8 gxh5 36. Rxb7 Ng6 37. Nd7 Ngf4 38. Nxb6 Nc3 39. Nd7 Nxa4 40. b6 1-0

[Event "7. Arber-Senioren-Cup 2019"]
[Site "Bodenmais"]
[Date "2019.08.03"]
[Round "8.7"]
[White "Schwalb, Manfred"]
[Black "Kuempers, Ulrich"]
[Result "1/2-1/2"]
[ECO "B18"]
[WhiteElo "1965"]
[BlackElo "2030"]
[Annotator "NA"]
[PlyCount "80"]
[EventDate "2019.07.27"]
[EventType "swiss"]
[EventCountry "GER"]
[SourceTitle "playchess.com"]
[Source "ChessBase"]
[SourceQuality "1"]
[TimeControl "5400+30"]

1. e4 c6 2. d4 d5 3. Nc3 dxe4 4. Nxe4 Bf5 5. Ng3 Bg6 6. Nh3 e6 7. Nf4 Nf6 8. h4 e5 9. Nxg6 hxg6 10. dxe5 Qxd1+ 11. Kxd1 Ng4 12. Ne4 Nxe5 13. Bf4 Nbd7 14. c3 Be7 15. Kc2 f6 16. Be2 Kf7 17. Be3 Nb6 18. b3 Rad8 19. f4 Nd5 20. Bd2 Nd7 21. g3 Rhe8 22. Bf3 f5 23. Ng5+ Bxg5 24. hxg5 Ne3+ 25. Bxe3 Rxe3 26. Rhf1 Nc5 27. Rae1 Red3 28. Rd1 R3d7 29. b4 Ne6 30. Rxd7+ Rxd7 31. Be2 c5 32. Bc4 cxb4 33. Re1 Rd6 34. cxb4 Ke7 35. Kc3 Kd7 36. Bxe6+ Rxe6 37. Rxe6 Kxe6 38. Kc4 Kd6 39. a4 Kc6 40. b5+ Kd6 1/2-1/2